 Dungeon Crawl Stone Soup version 0.32-a0-135-g14f8b2e1af (webtiles) character file.

Game seed: 4812626637289821211

158 Colgate the Trooper (level 5, -4/47 HPs)
             Began as a Hill Orc Gladiator on Feb 10, 2024.
             Slain by a gnoll
             ... wielding a +0 whip
             ... led by a gnoll bouda
              (7 damage)
             ... on level 3 of the Dungeon.
             The game lasted 00:06:39 (2652 turns).

Colgate the Trooper (Hill Orc Gladiator)            Turns: 2652, Time: 00:06:39

Health: -4/47      AC:  4    Str: 19    XL:     5   Next: 40%
Magic:  5/5        EV: 12    Int:  8    God:
Gold:   156        SH:  0    Dex: 12    Spells: 4/4 levels left

rFire   . . .        a - +0 flail
rCold   . . .        p - orb {*Rage}
rNeg    . . .        b - +0 leather armour
rPois   .            c - +0 helmet
rElec   .            (no cloak)
rCorr   .            (no gloves)
SInv    .            (no boots)
Will    .....        (no amulet)
Stlth   +            f - ring of flight
HPRegen 0.27/turn    (no ring)
MPRegen 0.09/turn

%: random rage (20%)
@: flying
A: no striking features
a: no special abilities


You were on level 3 of the Dungeon.
You visited 1 branch of the dungeon, and saw 4 of its levels.

You collected 156 gold pieces.

Inventory:

Hand Weapons
 a - a +0 flail (weapon)
Missiles
 d - 3 throwing nets (quivered) {!f}
 e - a javelin
Armour
 b - a +0 leather armour (worn)
 c - a +0 helmet (worn)
 p - an orb of wrath (worn)
Jewellery
 f - a ring of flight (left hand)
Scrolls
 g - a scroll of noise {unknown}
 h - a scroll of immolation {unknown}
 l - a scroll of revelation {unknown}
 m - a scroll of blinking {unknown}
 o - a scroll of identify {@r1}
Potions
 i - a potion of curing {@q1}
 j - 2 potions of haste {@q4}
 k - 2 potions of mutation
 n - a potion of heal wounds {@q2}
 q - a potion of brilliance {unknown}


   Skills:
 - Level 4.5 Fighting
 - Level 3.2 Maces & Flails
 + Level 4.0 Throwing
 - Level 2.4 Dodging


You had 4 spell levels left.
You didn't know any spells.
Your spell library contained the following spells:

 Spells                   Type           Power      Damage    Failure   Level
 Passage of Golubria      Tloc           0%         N/A       99%         4
 Silence                  Hex/Air        0%         N/A       100%        5
 Lehudib's Crystal Spear  Conj/Erth      0%         10d2      100%        8


Dungeon Overview and Level Annotations

Branches:
Dungeon (4/15)
 Temple: D:4-7

Altars:
Ashenzari
Zin
The Shining One


Message History

The liquid fire burns you!
The bombardier beetle attacks as it pursues you!
The bombardier beetle bites you.
You shake off the liquid fire.
The bombardier beetle sprays incendiary fluid at you.
The burning spray misses you. The gnoll hits you with a +0 whip.
The gnoll attacks as it pursues you! The gnoll barely misses you.
The gnoll hits you with a +0 whip. The gnoll hits you with a +0 whip!
The gnoll hits you with a +0 whip.
There is a stone staircase leading up, spattered with blood here.
The gnoll barely misses you. x2
You fly upwards.
There is a stone staircase leading down, spattered with blood here.
The gnoll attacks as it pursues you! The gnoll barely misses you.
Things that are here:
a +0 dagger; a hound skeleton The gnoll closely misses you.
The gnoll barely misses you. The gnoll hits you with a +0 whip.
The gnoll hits you with a +0 whip.
* * * LOW HITPOINT WARNING * * *
The gnoll hits you with a +0 whip.
* * * LOW HITPOINT WARNING * * *
You feel yourself speed up. The gnoll attacks as it pursues you!
The gnoll hits you with a +0 whip.
* * * LOW HITPOINT WARNING * * *
The gnoll misses you.
You recover from your berserk rage.
You see here a ball python skeleton.
You reach down and open the door.
There is an open door here.
The gnoll attacks as it pursues you! The gnoll hits you with a +0 whip.
* * * LOW HITPOINT WARNING * * *
The gnoll attacks as it pursues you! The gnoll hits you with a +0 whip!
* * * LOW HITPOINT WARNING * * *
The gnoll attacks as it pursues you! The gnoll hits you with a +0 whip.
* * * LOW HITPOINT WARNING * * *
The gnoll attacks as it pursues you! The gnoll hits you with a +0 whip!
You die...

####### #.#############...
......# ##'##....[..####..#
......# #.....##.......#..#
...<..#########.....##.#...###..#
......#.......+.....##...........
......+.##.##.#.....##....)###..#
......#.##.##..#.##.........>)..#
#####.#.....#..#g######..######.#
####.#.........@....##.........#
#....#...#.#..#.###.##.###.....#
#.####.....#..#.# #.##.#.......#
##.#........#..#.# #.##..........
.#.#.##.###.##.#.# #.########....
.#'#.[..#.#.##รท#.# #.# #.....
....####....##.#.# #.###########.
....#.#...####.#.# #........#....
....#..........#.# ########.##...


You could see a gnoll.

Vanquished Creatures
  A bombardier beetle (D:3)
  A hound (D:3)
  A gnoll (D:4)
  3 adders (D:2)
  2 dart slugs
  An orc (D:3)
  8 ball pythons
  4 endoplasms
  A giant cockroach (D:3)
  12 goblins
  5 hobgoblins
  2 quokkas
  4 bats
  2 frilled lizards (D:3)
  3 kobolds
  3 rats
53 creatures vanquished.

Notes
Turn   | Place    | Note
-------+----------+-------------------------------------------
     0 | D:1      | Colgate the Hill Orc Gladiator began the quest for the Orb.
     0 | D:1      | Reached XP level 1. HP: 18/18 MP: 1/1
   187 | D:1      | Reached XP level 2. HP: 26/26 MP: 2/2
   353 | D:1      | Found a faded altar of an unknown god.
   730 | D:2      | Reached XP level 3. HP: 24/33 MP: 3/3
  1173 | D:2      | Reached XP level 4. HP: 37/41 MP: 4/4
  1578 | D:3      | Found a broken altar of Ashenzari.
  1694 | D:3      | Found a glowing golden altar of the Shining One.
  1757 | D:3      | Found a glowing silver altar of Zin.
  2439 | D:3      | Reached XP level 5. HP: 47/47 MP: 5/5
  2652 | D:3      | Slain by a gnoll

Illustrated notes

Levels and vault maps discovered:
D:1:      wheals_arrival_shading, layout_rooms,
          nicolae_ecumenical_snake_handling, item_on_display_a
D:2:      layout_basic, minmay_goblin_outpost
D:3:      layout_basic, nicolae_tso_carved_into_rock,
          mainiacjoe_overflow_catch_the_wave
D:4:      layout_layer_cave, lemuel_crystal_altar, serial_shops, shop_statue,
          chequers_decorated_corner

Skill      XL: |  1  2  3  4  5 |
---------------+----------------+-----
Fighting       | 3 4 |  4.5
Throwing       | 2 3 4 |  4.0
Maces & Flails | |  3.2
Dodging        | |  2.4

Action                     |  1- 3 |  4- 6 || total
---------------------------+-------+-------++-------
  Melee: Flail             |   102 |    59 ||   161
         Punch             |     3 |       ||     3
    Use: Scroll            |       |     5 ||     5
 Armour: Leather armour    |    70 |    54 ||   124
  Dodge: Dodged            |    72 |    38 ||   110

Table legend: (Time is in decaauts)
 A = Elapsed time spent in this place.
 B = Non-inter-level travel time spent in this place.
 C = Inter-level travel time spent in this place.
 D = Time resting spent in this place.
 E = Time spent auto-exploring this place.
 F = Levels seen in this place.
 G = Mean time per level.
                   A        B        C        D        E       F      G
               +--------+--------+--------+--------+--------+-----+--------+
         Total |   2738 |   2643 |     95 |    152 |   1879 |   4 |  684.5 |
       Dungeon |   2738 |   2643 |     95 |    152 |   1879 |   4 |  684.5 |
               +--------+--------+--------+--------+--------+-----+--------+

Top non-repeatable levels by time:
     D:3: 1254 daAuts
     D:2: 718 daAuts
     D:1: 623 daAuts
     D:4: 141 daAuts
